 Dungeon Crawl Stone Soup version 0.29-a0-422-gafbd6decc1 (webtiles) character file.

Game seed: 15195890188740109769

527 bande the Chopper (level 7, -13/44 HPs)
             Began as a Gargoyle Fighter on May 18, 2022.
             Mangled by an ice devil (23 damage)
             ... summoned by a kobold demonologist
             ... on level 5 of the Dungeon.
             The game lasted 00:06:57 (3968 turns).

bande the Chopper (Gargoyle Fighter)                Turns: 3968, Time: 00:06:57

Health: -13/44     AC: 15    Str: 19    XL:     7   Next: 23%
Magic:  7/7        EV:  7    Int:  9    God:
Gold:   302        SH:  4    Dex: 11    Spells: 6/6 levels left

rFire   . . .      SeeInvis .   a - +1 war axe
rCold   . . .      Faith    .   c - +0 buckler
rNeg    + . .      Spirit   .   k - +0 chain mail
rPois   ∞          Reflect  .   n - +0 helmet
rElec   +          Harm     .   (no cloak)
rCorr   .          Rampage  .   (no gloves)
Will    .....                   (no boots)
Stlth   ..........              (no amulet)
HPRegen 0.14/turn               (no ring)
MPRegen 0.10/turn               (no ring)

@: no status effects
A: sickness immunity, AC +4, negative energy resistance 1, electricity
resistance, torment resistance 1, petrification resistance
a: no special abilities


You were on level 5 of the Dungeon.
You visited 1 branch of the dungeon, and saw 5 of its levels.

You collected 302 gold pieces.

Inventory:

Hand Weapons
 a - a +1 war axe (weapon)
Armour
 c - a +0 buckler (worn)
 k - a +0 chain mail (worn)
 n - a +0 helmet (worn)
Jewellery
 h - a ring of ice
Scrolls
 f - 2 scrolls of enchant weapon
 o - a scroll of fog
Potions
 b - a potion of cancellation
 d - a potion of might
 e - 2 potions of resistance
 l - a potion of lignification {unknown}
 m - a potion of degeneration {unknown}


   Skills:
 + Level 5.0 Fighting
 + Level 5.2 Axes
 + Level 4.6 Armour
 + Level 0.2 Stealth
 + Level 3.9 Shields


You had 6 spell levels left.
You didn't know any spells.
Your spell library contained the following spells:

 Spells                   Type           Power      Damage    Failure   Level
 Sandblast                Erth           0%         2d4       99%         1
 Passwall                 Tmut/Erth      0%         N/A       100%        2
 Portal Projectile        Hex/Tloc       0%         N/A       100%        3
 Stone Arrow              Conj/Erth      0%         3d7       100%        3
 Blade Hands              Tmut           0%         N/A       100%        5
 Excruciating Wounds      Necr           0%         N/A       100%        5
 Borgnjor's Revivificati  Necr           0%         N/A       100%        8
 Necromutation            Tmut/Necr      0%         N/A       100%        8
 Death's Door             Necr           0%         N/A       100%        9


Dungeon Overview and Level Annotations

Branches:
Dungeon (5/15)
 Temple: D:4-7

Altars:
Fedhas

Shops:
D:3 :

Annotations:
D:4 exclusion: oklob plant


Innate Abilities, Weirdness & Mutations

You are immune to sickness and miasma.
Your stone body is resilient. (AC +4)
You are immune to poison.
You resist negative energy. (rN+)
You are resistant to electric shocks. (rElec)
You are resistant to unholy torment.
You are immune to petrification.


Message History

You feel yourself speed up.
You start resting.
You start resting.
HP restored.
There is an open translucent gate here.
Partly explored, can't reach some places.
There is a stone staircase leading down here.
You climb downwards.
Found a stone staircase leading up.
There is a stone staircase leading up here.
A kobold comes into view. It is wielding a +0 short sword.
The kobold shouts!
You hear a shout! x2
Found a dark potion. 2 kobold demonologists and a kobold come into view.
The kobold demonologist shouts!
The kobold shouts!
The kobold demonologist casts a spell.
The kobold throws a stone.
You block the stone.
The kobold demonologist miscasts a cantrip.
You barely miss the kobold. You slash the kobold!
You kill the kobold!
The kobold demonologist gestures wildly while chanting.
You slash the kobold demonologist!
The kobold demonologist is moderately wounded.
You hit the ice devil. The ice devil hits you. The ice devil freezes you!
You slash the kobold demonologist!
The kobold demonologist is severely wounded.
You hit the ice devil but do no damage. You hit the quasit.
The quasit bites you but does no damage.
You block the quasit's attack.
The quasit claws you but does no damage.
The kobold demonologist casts a spell.
The ice devil hits you. The ice devil freezes you!
The quasit bites you but does no damage.
You block the quasit's attack.
The quasit claws you but does no damage.
The ice devil attacks as you move away! The ice devil hits you.
* * * LOW HITPOINT WARNING * * *
The ice devil freezes you!!
Ouch! That really hurt!
You die...

#..........#
.#..........#
.....<......#
............#
............#
#........<.#
#####..#####
######5..#
#..KK@...#
.....K455....#
###.......##.#
#.........!.#
...###########
.###


You could see an ice devil (summoned), 2 kobold demonologists, 2 quasits, a
crimson imp (summoned) and a kobold.

Vanquished Creatures
  The ghost of petzl the Vexing, an amateur FoAM (D:4)
  A scorpion (D:4)
  An orc priest (D:4)
  Jessica (D:2)
  Terence (D:2)
  An orc wizard (D:4)
  Robin (D:2)
  5 adders
  A worm (D:4)
  3 dart slugs
  6 orcs
  5 ball pythons
  12 endoplasms
  5 giant cockroaches
  16 goblins
  7 hobgoblins
  6 jackals
  4 quokkas
  4 bats
  2 frilled lizards (D:1)
  7 kobolds
  10 rats
100 creatures vanquished.

Vanquished Creatures (others)
  5 plants (D:2)
5 creatures vanquished.

Grand Total: 105 creatures vanquished

Notes
Turn   | Place    | Note
-------+----------+-------------------------------------------
     0 | D:1      | bande the Gargoyle Fighter began the quest for the Orb.
     0 | D:1      | Reached XP level 1. HP: 14/14 MP: 1/1
     1 | D:1      | Found a runed translucent door.
    68 | D:1      | Reached XP level 2. HP: 17/19 MP: 2/2
   547 | D:1      | Reached XP level 3. HP: 24/24 MP: 3/3
  1103 | D:2      | Noticed Terence
  1106 | D:2      | Noticed Jessica
  1112 | D:2      | Killed Terence
  1113 | D:2      | Reached XP level 4. HP: 25/29 MP: 4/4
  1270 | D:2      | Killed Jessica
  1405 | D:2      | Reached XP level 5. HP: 33/33 MP: 5/5
  1836 | D:2      | Noticed Robin
  1854 | D:2      | Killed Robin
  2046 | D:2      | Found a faded altar of an unknown god.
  2264 | D:3      | Found Irghoij's Book Boutique.
  2641 | D:4      | Reached XP level 6. HP: 21/39 MP: 6/6
  3260 | D:4      | Found a runed translucent gate.
  3261 | D:4      | Found a runed translucent gate.
  3261 | D:4      | Found a runed translucent gate.
  3265 | D:4      | Noticed petzl's ghost (amateur FoAM)
  3360 | D:4      | Found a blossoming altar of Fedhas.
  3371 | D:4      | Noticed an oklob plant
  3797 | D:4      | Killed petzl's ghost
  3798 | D:4      | Reached skill level 5 in Fighting
  3798 | D:4      | Reached skill level 5 in Axes
  3798 | D:4      | Reached XP level 7. HP: 21/44 MP: 7/7
  3959 | D:5      | Entered Level 5 of the Dungeon
  3963 | D:5      | Noticed a kobold demonologist
  3963 | D:5      | Noticed a kobold demonologist
  3966 | D:5      | Noticed an ice devil
  3968 | D:5      | Mangled by an ice devil

Illustrated notes

Levels and vault maps discovered:
D:1:      dpeg_arrival_caged_fury, layout_basic
D:2:      layout_rooms, shapermc_ecumenical_altar_hornbeckon, uniq_jessica,
          uniq_robin, uniq_terence
D:3:      layout_rooms, serial_shops, shop_fountains, hex_medium
D:4:      layout_loops_ring, tgw_fedhas, ebering_ghost_rock_garden
D:5:      layout_rooms, gammafunk_temple_overflow_claw,
          minmay_temple_entry_drinking_statues, minmay_bent

Skill      XL: |  1  2  3  4  5  6 |
---------------+-------------------+-----
Axes           | 2 3 4 5 |  5.2
Fighting       | 4 5 |  5.0
Armour         | 4 |  4.6
Stealth        | |  0.2
Shields        | |  3.9

Action                   |  1- 3 |  4- 6 |  7- 9 || total
-------------------------+-------+-------+-------++-------
Melee: War axe           |    86 |   202 |     3 ||   291
  Use: Scroll            |       |     9 |       ||     9
       Potion            |       |     1 |       ||     1
Armor: Scale mail        |    84 |    15 |       ||    99
       Chain mail        |       |   122 |     4 ||   126
Dodge: Dodged            |    64 |    60 |       ||   124
Block: Buckler           |    18 |    46 |     3 ||    67

Table legend: (Time is in decaauts)
 A = Elapsed time spent in this place.
 B = Non-inter-level travel time spent in this place.
 C = Inter-level travel time spent in this place.
 D = Time resting spent in this place.
 E = Time spent auto-exploring this place.
 F = Levels seen in this place.
 G = Mean time per level.
                   A        B        C        D        E       F      G
               +--------+--------+--------+--------+--------+-----+--------+
         Total |   4112 |   4048 |     64 |    585 |   2533 |   5 |  822.4 |
       Dungeon |   4112 |   4048 |     64 |    585 |   2533 |   5 |  822.4 |
               +--------+--------+--------+--------+--------+-----+--------+

Top non-repeatable levels by time:
     D:4: 1392 daAuts
     D:1: 1198 daAuts
     D:2: 1021 daAuts
     D:3: 491 daAuts
     D:5: 9 daAuts
